 Dungeon Crawl Stone Soup version 0.30-a0-341-g682706514a (webtiles) character file.

Game seed: 8525845608605591506

2534 retardedninja the Cleaver (level 9, -4/82 HPs)
             Began as a Hill Orc Fighter on Nov 2, 2022.
             Slain by Maggie
             ... wielding a +2 war axe of flaming
              (5 damage)
             ... on level 6 of the Dungeon.
             The game lasted 00:09:43 (9621 turns).

retardedninja the Cleaver (Hill Orc Fighter)        Turns: 9621, Time: 00:09:44

Health: -4/82      AC: 15    Str: 23      XL:     9   Next: 55%
Magic:  9/9        EV:  6    Int:  7 (8)  God:
Gold:   301        SH:  6    Dex: 10      Spells: 8/8 levels left

rFire   . . .      SeeInvis .    a - +2 war axe
rCold   . . .      Faith    .    c - +1 buckler
rNeg    . . .      Spirit   .    m - +0 plate armour
rPois   .          Reflect  .    (no helmet)
rElec   .          Harm     .    o - +1 cloak
rCorr   .          Rampage  .    (no gloves)
Will    .....                    (no boots)
Stlth   ..........               (no amulet)
HPRegen 0.33/turn                (no ring)
MPRegen 0.11/turn                (no ring)

@: no status effects
A: deterioration 1, MP-powered wands
a: no special abilities


You were on level 6 of the Dungeon.
You visited 1 branch of the dungeon, and saw 6 of its levels.

You collected 301 gold pieces.

Inventory:

Hand Weapons
 a - a +2 war axe (weapon)
Armour
 c - a +1 buckler (worn)
 m - a +0 plate armour (worn)
 o - a +1 cloak (worn)
Jewellery
 d - a ring of fire
 q - a ring of wizardry
Wands
 l - a wand of digging (5)
Scrolls
 e - 2 scrolls of noise
 f - a scroll of summoning {unknown}
 p - a scroll of vulnerability
 r - a scroll of poison {unknown}
Potions
 g - a potion of curing
 j - a potion of magic


   Skills:
 + Level 8.4 Fighting
 + Level 8.7 Axes
 + Level 7.7 Armour
 + Level 7.6 Shields


You had 8 spell levels left.
You didn't know any spells.
Your spell library was empty.

Dungeon Overview and Level Annotations

Branches:
Dungeon (6/15)
 Temple: D:4-7

Altars:
Dithmenos
Makhleb
Sif Muna
Trog
Xom
The Shining One

Shops:
D:2 =:(*   D:5 !

Annotations:
D:6 Maggie


Innate Abilities, Weirdness & Mutations

Your body sometimes deteriorates upon taking damage.
You expend magic power (3 MP) to strengthen your wands.


Message History

Maggie is heavily wounded.
Maggie hits you but does no damage.
You slash Maggie!
Maggie is severely wounded.
Maggie hits you with a +2 war axe of flaming.
Maggie burns you.
You hit Maggie but do no damage.
Maggie is severely wounded.
You block Maggie's attack.
You barely miss Maggie.
Maggie is severely wounded.
Maggie barely misses you.
You hit Maggie but do no damage.
Maggie is severely wounded.
You break out of your daze.
You block Maggie's attack.
You closely miss Maggie.
Maggie is severely wounded.
Maggie hits you with a +2 war axe of flaming!
Maggie burns you.
* * * LOW HITPOINT WARNING * * *
Maggie hits you with a +2 war axe of flaming.
* * * LOW HITPOINT WARNING * * *
Maggie burns you.
* * * LOW HITPOINT WARNING * * *
Okay, then.
You barely miss Maggie.
Maggie is severely wounded.
Maggie closely misses you.
You barely miss Maggie.
Maggie is severely wounded.
Maggie points at you and mumbles some strange words.
The bolt of fire hits you!
* * * LOW HITPOINT WARNING * * *
You hit Maggie.
Maggie is severely wounded.
Maggie hits you with a +2 war axe of flaming!
* * * LOW HITPOINT WARNING * * *
Maggie burns you.
You die...

.#####...#.#
##.##.#
#.##.#
#.##.#
#.##<#
#.##.# #.
#.# #.# #@#
#@..# .._.#
.....#
.....##
###..## #..#
#..#


You could see Maggie.

Vanquished Creatures
  Pikel (D:5)
  Prince Ribbit (D:6)
  Sigmund (D:2)
  Edmund (D:4)
  An acid dragon (D:6)
  An orc warrior (D:5)
  An ice beast (D:5)
  A black bear (D:6)
  A phantom (D:5)
  A necrophage (D:4)
  2 scorpions
  4 wights (D:5)
  4 crimson imps (D:4)
  An orc priest (D:4)
  3 hounds
  A jelly (D:5)
  A gnoll bouda (D:4)
  5 iguanas
  2 orc wizards (D:5)
  5 adders
  11 gnolls
  2 white imps (D:6)
  An ufetubus (D:6)
  2 worms
  A dart slug (D:5)
  6 orcs
  8 ball pythons
  2 endoplasms (D:2)
  2 giant cockroaches
  7 goblins
  8 hobgoblins
  7 jackals (D:1)
  11 kobolds
  3 quokkas
  5 bats
  3 frilled lizards
  7 rats
124 creatures vanquished.

Notes
Turn   | Place    | Note
-------+----------+-------------------------------------------
     0 | D:1      | retardedninja the Hill Orc Fighter began the quest for the
                  | Orb.
     0 | D:1      | Reached XP level 1. HP: 19/19 MP: 1/1
   148 | D:1      | Reached XP level 2. HP: 27/27 MP: 2/2
   307 | D:1      | Reached XP level 3. HP: 29/33 MP: 3/3
   562 | D:2      | Noticed Sigmund
   572 | D:2      | Killed Sigmund
   573 | D:2      | Reached XP level 4. HP: 28/41 MP: 4/4
   573 | D:2      | Reached XP level 5. HP: 32/47 MP: 5/5
  1002 | D:2      | Found Sefuzun's Book Shop.
  1016 | D:2      | Found Lukkun's Weapon Shop.
  1056 | D:2      | Found a faded altar of an unknown god.
  1332 | D:2      | Found Ebreika's Jewellery Boutique.
  1559 | D:2      | Found Hafenireiz's General Store.
  1695 | D:3      | Reached skill level 5 in Fighting
  1695 | D:3      | Reached XP level 6. HP: 48/56 MP: 6/6
  1765 | D:3      | Found a shadowy altar of Dithmenos.
  2739 | D:5      | Entered Level 5 of the Dungeon
  3026 | D:5      | Gained mutation: Your body sometimes deteriorates upon
                  | taking damage. [potion of mutation]
  3026 | D:5      | Gained mutation: You expend magic power (3 MP) to
                  | strengthen your wands. [potion of mutation]
  3052 | D:5      | Reached skill level 5 in Axes
  3507 | D:4      | Found a glowing golden altar of the Shining One.
  3687 | D:4      | Found a shimmering altar of Xom.
  3694 | D:4      | Reached skill level 5 in Armour
  3696 | D:4      | Reached skill level 5 in Shields
  3696 | D:4      | Reached XP level 7. HP: 59/61 MP: 7/7
  4531 | D:5      | Noticed Edmund
  4557 | D:4      | Killed Edmund
  6001 | D:5      | Reached XP level 8. HP: 71/71 MP: 8/8
  7714 | D:5      | Found Hayvasaf's Distillery.
  7742 | D:5      | Noticed Pikel
  7755 | D:5      | Killed Pikel
  7756 | D:5      | Reached XP level 9. HP: 63/80 MP: 9/9
  8496 | D:5      | Found a shimmering blue altar of Sif Muna.
  8768 | D:5      | Found a bloodstained altar of Trog.
  9014 | D:6      | Noticed Prince Ribbit
  9036 | D:6      | Killed Prince Ribbit
  9602 | D:6      | Found a burning altar of Makhleb.
  9604 | D:6      | Noticed Maggie
  9621 | D:6      | HP: 1/82 [Maggie/+2 war axe of flaming (10)]
  9621 | D:6      | Slain by Maggie

Illustrated notes

Levels and vault maps discovered:
D:1:      giann_wishing_wells, layout_basic
D:2:      layout_loops_ring, serial_shops, nicolae_shop_waterfront,
          nicolae_shop_window_shopping, shop, shop, basic_ecumenical_altar,
          uniq_sigmund
D:3:      layout_loops_cross, nicolae_dithmenos_the_darkroom
D:4:      layout_loops_ring, lemuel_coloured_pillars_altar, led_xom_imps,
          kennysheep_cross_bottleneck
D:5:      layout_basic, kennysheep_little_box, mainiacjoe_overflow_alcove_1,
          serial_shops, nicolae_shop_crystal, uniq_edmund, uniq_pikel
D:6:      layout_loops_ring, bloody_makhleb, minmay_alternating_orb,
          uniq_maggie, uniq_prince_ribbit1

Skill      XL: |  1  2  3  4  5  6  7  8  9 |
---------------+----------------------------+-----
Axes           | 3 4 5 6 7 8 |  8.7
Fighting       | 4 5 6 7 8 |  8.4
Armour         | 4 5 7 |  7.7
Shields        | 4 5 7 |  7.6

Action                   |  1- 3 |  4- 6 |  7- 9 || total
-------------------------+-------+-------+-------++-------
Melee: War axe           |    64 |   161 |   261 ||   486
  Use: Potion            |     1 |     7 |     6 ||    14
       Scroll            |       |       |    14 ||    14
Armor: Scale mail        |    50 |    54 |    97 ||   201
       Skin              |       |    13 |       ||    13
       Plate armour      |       |       |    42 ||    42
Dodge: Dodged            |    46 |    57 |   108 ||   211
Block: Buckler           |    13 |    36 |    64 ||   113

Table legend: (Time is in decaauts)
 A = Elapsed time spent in this place.
 B = Non-inter-level travel time spent in this place.
 C = Inter-level travel time spent in this place.
 D = Time resting spent in this place.
 E = Time spent auto-exploring this place.
 F = Levels seen in this place.
 G = Mean time per level.
                   A        B        C        D        E       F      G
               +--------+--------+--------+--------+--------+-----+--------+
         Total |   9748 |   9595 |    153 |   5223 |   3217 |   6 | 1624.7 |
       Dungeon |   9748 |   9595 |    153 |   5223 |   3217 |   6 | 1624.7 |
               +--------+--------+--------+--------+--------+-----+--------+

Top non-repeatable levels by time:
     D:4: 3929 daAuts
     D:5: 2419 daAuts
     D:2: 1161 daAuts
     D:3: 972 daAuts
     D:6: 700 daAuts
     D:1: 565 daAuts
